 Dungeon Crawl Stone Soup version 0.22.0-27-ga576289 (webtiles) character file.

406 poirepourri the Magician (level 6, -1/41 HPs)
             Began as a Mummy Ice Elementalist on Aug 22, 2018.
             Slain by a wight
             ... wielding a +3 great sword of freezing
              (2 damage)
             ... on level 4 of the Dungeon.
             The game lasted 00:06:49 (5563 turns).

poirepourri the Magician (Mummy Ice Elementalist)   Turns: 5563, Time: 00:06:50

Health: -1/41      AC:  4    Str: 11    XL:     6   Next: 56%
Magic:  14/15      EV: 12    Int: 17    God:
Gold:   90         SH:  0    Dex: 12    Spells: 3/17 levels left

rFire    x . .     SeeInvis .   m - +0 short sword (venom)
rCold    + . .     Gourm    .   (no shield)
rNeg     + + +     Faith    .   a - +0 robe
rPois    ∞         Spirit   .   (no helmet)
rElec    .         Reflect  .   (no cloak)
rCorr    .         Harm     .   (no gloves)
MR       .....                  h - +1 pair of boots
Stlth    ++........             (no amulet)
HPRegen  0.13/turn              (no ring)
MPRegen  0.14/turn              (no ring)

@: very slightly contaminated
A: no food or potions, fire vulnerability, cold resistance 1, negative energy
resistance 3, torment resistance, unbreathing
a: no special abilities


You were on level 4 of the Dungeon.
You were not hungry.

You visited 1 branch of the dungeon, and saw 5 of its levels.

You collected 90 gold pieces.

Inventory:

Hand Weapons
 m - a +0 short sword of venom (weapon)
Missiles
 j - 2 throwing nets
 l - 6 tomahawks (quivered)
Armour
 a - a +0 robe (worn)
 h - a +1 pair of boots (worn)
Magical Staves
 e - an uncursed staff of air {unknown}
Jewellery
 b - an uncursed ring of stealth
 g - an uncursed amulet of the gourmand
 n - a cursed ring of teleportation
Scrolls
 c - 3 scrolls of remove curse
 d - 2 scrolls of enchant armour
 f - a scroll of magic mapping
 k - 2 scrolls of identify


   Skills:
 - Level 1.5 Dodging
 - Level 1.5 Stealth
 - Level 6.0 Spellcasting
 - Level 2.3 Conjurations
 + Level 4.3 Ice Magic


You had 3 spell levels left.
You knew the following spells:

 Your Spells              Type           Power        Failure   Level  Hunger
a - Freeze                Ice            ###.         2%          1    N/A
b - Throw Frost           Conj/Ice       ###...       4%          2    N/A
c - Ozocubu's Armour      Chrm/Ice       ##......     16%         3    N/A
d - Throw Icicle          Conj/Ice       ###.....     32%         4    N/A
e - Summon Ice Beast      Ice/Summ       ##......     47%         4    N/A

Your spell library contained the following spells:

 Spells                   Type           Power        Failure   Level  Hunger


Dungeon Overview and Level Annotations

Branches:
Dungeon (5/15)
 Temple: D:4-7

Altars:
Trog


Innate Abilities, Weirdness & Mutations

You do not eat or drink.
Your flesh is vulnerable to fire.
You are immune to poison.
Your flesh is cold resistant. (rC+)
You are immune to negative energy. (rN+++)
You are immune to unholy pain and torment.
You can survive without breathing.


Message History

The wight freezes you.
You hit the wight but do no damage.
The wight is lightly damaged.
The wight closely misses you.
You barely miss the wight.
The wight is lightly damaged.
The wight hits you with a great sword of freezing!
The wight freezes you.
You hit the wight.
The wight is moderately damaged.
The wight hits you with a great sword of freezing.
* * * LOW HITPOINT WARNING * * *
You barely miss the wight.
The wight is moderately damaged.
You barely miss the wight.
The wight is moderately damaged.
The wight hits you with a great sword of freezing!
* * * LOW HITPOINT WARNING * * *
The wight freezes you.
You die...

....#.#########'##
................#
....#..........##
...>#..........########
....#.................#
#####.........8.....8.#
......................##
...........##.!........#
................@......#
...........#...z.).....#
...........##..........#
..........%##.8.....8..#
...........##..........#
...!...............###.#
...........#...........#
...........#.......#####
...........#......÷#


You could see a wight.

Vanquished Creatures
  An ogre (D:4)
  A crimson imp (D:2)
  An orc priest (D:4)
  A hound (D:4)
  An iguana (D:3)
  6 gnolls (D:2)
  3 adders
  3 oozes
  3 worms
  4 dart slugs
  9 orcs (D:3)
  4 giant cockroaches
  6 goblins
  9 hobgoblins
  2 jackals (D:1)
  12 kobolds
  2 quokkas
  9 bats
  4 frilled lizards
  5 rats
86 creatures vanquished.

Notes
Turn   | Place    | Note
-------+----------+-------------------------------------------
     0 | D:1      | poirepourri the Mummy Ice Elementalist began the quest for the Orb.
     0 | D:1      | Reached XP level 1. HP: 13/13 MP: 4/4
    48 | D:1      | Reached skill level 3 in Spellcasting
   328 | D:1      | Reached XP level 2. HP: 10/19 MP: 0/6
   657 | D:1      | Reached skill level 4 in Spellcasting
   948 | D:1      | Learned a level 2 spell: Throw Frost
  1120 | D:1      | Reached XP level 3. HP: 18/24 MP: 4/8
  1775 | D:2      | Reached skill level 5 in Spellcasting
  1775 | D:2      | Reached XP level 4. HP: 30/30 MP: 5/11
  2200 | D:2      | Reached skill level 6 in Spellcasting
  2361 | D:2      | Reached skill level 1 in Conjurations
  2367 | D:2      | Reached XP level 5. HP: 24/35 MP: 1/13
  3286 | D:3      | Learned a level 3 spell: Ozocubu's Armour
  3291 | D:3      | Learned a level 4 spell: Throw Icicle
  3296 | D:3      | Learned a level 4 spell: Summon Ice Beast
  3545 | D:3      | Found a bloodstained altar of Trog.
  4142 | D:4      | Noticed an ogre
  4153 | D:4      | Killed an ogre
  4153 | D:4      | Reached XP level 6. HP: 21/41 MP: 0/15
  4420 | D:4      | Noticed a hungry ghost
  5540 | D:5      | Entered Level 5 of the Dungeon
  5563 | D:4      | HP: 1/41 [wight/great sword of freezing (9)]
  5563 | D:4      | Slain by a wight

Skill      XL: |  1  2  3  4  5  6 |
---------------+-------------------+-----
Spellcasting   | 3 4 5 6 |  6.0
Conjurations   | 1 2 |  2.3
Ice Magic      | 3 4 |  4.3
Dodging        | |  1.5
Stealth        | |  1.5

Action                   |  1- 3 |  4- 6 || total
-------------------------+-------+-------++-------
Melee: Short sword       |    18 |    67 ||    85
       Unarmed           |     4 |       ||     4
Throw: Throwing net      |       |     2 ||     2
       Tomahawk          |       |     2 ||     2
 Cast: Freeze            |    44 |    94 ||   138
       Throw Frost       |       |    28 ||    28
       Ozocubu's Armour  |       |     1 ||     1
  Use: Scroll            |     2 |     8 ||    10
 Stab: Sleeping          |       |     3 ||     3
Armor: Robe              |    17 |    30 ||    47
Dodge: Dodged            |    33 |   110 ||   143
